 Dungeon Crawl Stone Soup version 0.29-a0-284-gf9362112df (webtiles) character file.

Game seed: 13937899765132639513

4575 experimilk the Tainter (level 10, -9/77 HPs)
             Began as a Grey Draconian Venom Mage on Mar 22, 2022.
             Was a Believer of Lugonu.
             Mangled by a seven-headed hydra (10 damage)
             ... on level 8 of the Dungeon on Mar 23, 2022.
             The game lasted 01:00:10 (20446 turns).

experimilk the Tainter (Grey Draconian Venom Mage) Turns: 20446, Time: 01:00:11

Health: -9/77      AC: 16    Str: 17    XL:     10   Next: 18%
Magic:  6/20       EV: 13    Int: 19    God:    Lugonu [**....]
Gold:   574        SH:  5    Dex: 12    Spells: 5/23 levels left

rFire   . . .      SeeInvis .   s - +0 flail (vorpal)
rCold   . . .      Faith    .   (no shield)
rNeg    . . .      Spirit   .   (body armour unavailable)
rPois   +          Reflect  +   (helmet restricted)
rElec   .          Harm     .   j - +1 cloak
rCorr   .          Rampage  .   (no gloves)
Will    .....                   l - +1 pair of boots
Stlth   ++........              f - amulet of reflection
HPRegen 0.22/turn               e - ring of poison resistance
MPRegen 0.17/turn               h - +6 ring of strength

@: no status effects
A: AC +12, amphibious, unfitting armour, cold-blooded
a: Renounce Religion, Depart the Abyss, Bend Space


You were on level 8 of the Dungeon.
You worshipped Lugonu.
Lugonu was pleased with you.
You visited 2 branches of the dungeon, and saw 9 of its levels.

You collected 574 gold pieces.

Inventory:

Hand Weapons
 s - a +0 vorpal flail (weapon)
 u - a +2 flail of holy wrath
Armour
 j - a +1 cloak (worn)
 l - a +1 pair of boots (worn)
Jewellery
 e - a ring of poison resistance (left hand)
 f - an amulet of reflection (around neck)
 h - a +6 ring of strength (right hand)
 i - an amulet of regeneration
Wands
 d - a wand of digging (1)
 v - a wand of mindburst (14)
Scrolls
 b - 2 scrolls of amnesia
 c - a scroll of teleportation
 k - a scroll of magic mapping
 o - a scroll of vulnerability {unknown}
 p - a scroll of torment {unknown}
 q - a scroll of brand weapon {unknown}
 w - a scroll of holy word
Potions
 a - a potion of magic
 g - a potion of mutation
 m - a potion of resistance
 n - 3 potions of attraction
 r - 2 potions of cancellation
 t - 2 potions of flight


   Skills:
 - Level 3.0 Fighting
 + Level 4.8 Dodging
 - Level 1.7 Stealth
 + Level 7.1 Spellcasting
 + Level 4.5 Summonings
 - Level 1.1 Necromancy
 - Level 1.0 Transmutations
 * Level 10.9 Poison Magic


You had 5 spell levels left.
You knew the following spells:

 Your Spells              Type           Power      Damage    Failure   Level
a - Sting                 Tmut/Pois      100%       1d8       1%          1
b - Blink                 Tloc           12%        N/A       16%         2
c - Summon Ice Beast      Ice/Summ       15%        N/A       36%         4
d - Call Imp              Summ           23%        N/A       2%          2
q - Mephitic Cloud        Conj/Pois/Air  20%        N/A       7%          3
s - Poisonous Vapours     Pois/Air       54%        N/A       1%          2
w - Olgreb's Toxic Radia  Pois           48%        N/A       1%          4

Your spell library contained the following spells:

 Spells                   Type           Power      Damage    Failure   Level
 Foxfire                  Conj/Fire      24%        2x1d5     10%         1
 Magic Dart               Conj           24%        1d4       10%         1
 Conjure Flame            Conj/Fire      6%         6-21      30%         3
 Frozen Ramparts          Ice            12%        1d3       30%         3
 Inner Flame              Hex/Fire       6%         N/A       30%         3
 Lesser Beckoning         Tloc           6%         N/A       30%         3
 Portal Projectile        Hex/Tloc       12%        N/A       30%         3
 Ice Form                 Ice/Tmut       8%         N/A       63%         4
 Flame Wave               Conj/Fire      6%         2d5       69%         4
 Excruciating Wounds      Necr           5%         N/A       86%         5
 Blade Hands              Tmut           5%         N/A       88%         5
 Manifold Assault         Tloc           6%         N/A       95%         5


Dungeon Overview and Level Annotations

Branches:
Dungeon (8/15)             Temple (1/1) D:4
   Lair: D:8-11

Altars:
Cheibriados
Elyvilon
Fedhas
Gozag
Hepliaklqana
Kikubaaqudgha
Makhleb
Nemelex Xobeh
Okawaru
Qazlal
Sif Muna
Trog
Wu Jian
Yredelemnul
Zin
The Shining One
Lugonu


Innate Abilities, Weirdness & Mutations

Your dull iron-grey scales are very hard. (AC +12)
You are amphibious.
You cannot fit into any form of body armour.
You are cold-blooded and may be slowed by cold attacks.


Message History

Casting: Sting (safe; 1% risk of failure)
Confirm with . or Enter, or press ? or * to list all spells.
Aiming: Sting (safe; 1% risk of failure)
Press: ? - help, Shift-Dir - straight line, f/p - seven-headed hydra
Aim: a seven-headed hydra (severely wounded, not watching you, very poisoned, slow, ally target, 92% to hit)
The sting hits the seven-headed hydra.
The seven-headed hydra partially resists.
The seven-headed hydra looks as sick as possible!
The seven-headed hydra is severely wounded.
The seven-headed hydra is no longer moving slowly.
Your crimson imp hits the seven-headed hydra.
The seven-headed hydra bites you but does no damage.
The seven-headed hydra barely misses you.
The seven-headed hydra bites you!
* * * LOW HITPOINT WARNING * * *
The seven-headed hydra closely misses you.
The seven-headed hydra bites you but does no damage.
The seven-headed hydra completely misses you.
The seven-headed hydra barely misses you.
Your ice beast barely misses the seven-headed hydra.
Your crimson imp hits the seven-headed hydra.
Your crimson imp hits the seven-headed hydra.
Your magical contamination has completely faded away.
Casting: Sting (safe; 1% risk of failure)
Confirm with . or Enter, or press ? or * to list all spells.
Aiming: Sting (safe; 1% risk of failure)
Press: ? - help, Shift-Dir - straight line, f/p - seven-headed hydra
Aim: a seven-headed hydra (almost dead, extremely poisoned, ally target, 92% to hit)
The sting hits the seven-headed hydra.
The seven-headed hydra partially resists.
The seven-headed hydra is almost dead.
The seven-headed hydra bites you.
* * * LOW HITPOINT WARNING * * *
The seven-headed hydra bites you but does no damage. x3
The seven-headed hydra bites you!
* * * LOW HITPOINT WARNING * * *
The seven-headed hydra bites you.
* * * LOW HITPOINT WARNING * * *
The seven-headed hydra bites you!
You die...

..###.#..##............##.......#
#.# #........(...........###..###
### #....#.....).........###.##
.# #....##[[.....##.##.....##
.####.....[.#...............#
...##.....[.###............##
..)##........##.....###....##
#...#..#.K.<..##............#
.......##.....#D@.##....P♣..#
.....))....K..Y...##...♣P..##
#....#...#......####...♣...#
#.##.........#..# #......##
####....###.##### ##....## ##..##
### ###### ####


You could see a seven-headed hydra (very poisoned, ally target), a kobold
brigand and a friendly ice beast (summoned).

Vanquished Creatures
  A nameless horror (D:7)
  A hornet (D:8)
  Grum (D:8)
  A steam dragon (D:4)
  Edmund (D:5)
  2 water moccasins
  An orc warrior (D:6)
  An ice beast (D:6)
  A black bear (D:6)
  3 ogres
  4 wolves (D:8)
  4 centaurs
  A kobold brigand (D:8)
  5 bullfrogs
  A scorpion (D:5)
  A necrophage (D:7)
  A gnoll sergeant (D:8)
  10 wights
  5 killer bees (D:7)
  5 howler monkeys
  A hound (D:4)
  2 orc priests
  7 gnoll shamans
  6 orc wizards
  5 iguanas
  25 gnolls
  3 adders
  A river rat (D:3)
  2 shadow imps
  An ufetubus (D:5)
  2 worms (D:3)
  21 orcs
  6 bats
  6 endoplasms
  5 giant cockroaches
  6 goblins
  9 hobgoblins
  2 jackals (D:2)
  6 kobolds
  5 quokkas
  8 ball pythons
  A frilled lizard (D:2)
  18 rats
198 creatures vanquished.

Vanquished Creatures (collateral kills)
  An orc warrior (D:7)
  A phantom (D:7)
  2 gnolls (D:7)
4 creatures vanquished.

Vanquished Creatures (others)
  4 plants (D:8)
4 creatures vanquished.

Grand Total: 206 creatures vanquished

Notes
Turn   | Place    | Note
-------+----------+-------------------------------------------
     0 | D:1      | experimilk the Draconian Venom Mage began the quest for the
                  | Orb.
     0 | D:1      | Reached XP level 1. HP: 14/14 MP: 3/3
   528 | D:1      | Reached XP level 2. HP: 15/20 MP: 1/5
  2051 | D:1      | Reached XP level 3. HP: 23/26 MP: 4/6
  2219 | D:1      | Learned a level 2 spell: Poisonous Vapours
  2223 | D:1      | Learned a level 3 spell: Mephitic Cloud
  2356 | D:2      | Reached skill level 4 in Poison Magic
  3557 | D:2      | Found a faded altar of an unknown god.
  3964 | D:3      | Reached XP level 4. HP: 33/33 MP: 1/8
  4018 | D:3      | Found a white marble altar of Elyvilon.
  4196 | D:3      | Noticed an ogre
  4425 | D:3      | Killed an ogre
  4426 | D:3      | Reached skill level 5 in Poison Magic
  4426 | D:3      | Reached XP level 5. HP: 19/38 MP: 0/9
  4923 | D:3      | Found a glowing silver altar of Zin.
  5060 | D:3      | Learned a level 4 spell: Olgreb's Toxic Radiance
  6275 | D:4      | Noticed a steam dragon
  6670 | D:4      | Killed a steam dragon
  6671 | D:4      | Reached skill level 6 in Poison Magic
  6671 | D:4      | Reached skill level 1 in Necromancy
  6671 | D:4      | Reached XP level 6. HP: 29/45 MP: 0/10
  7063 | D:4      | Found a staircase to the Ecumenical Temple.
  7070 | Temple   | Entered the Ecumenical Temple
  7116 | Temple   | Became a worshipper of Lugonu the Unformed
  7116 | Temple   | Reached * piety under Lugonu
  7489 | D:5      | Entered Level 5 of the Dungeon
  7660 | D:5      | Reached skill level 1 in Fighting
  8502 | D:5      | Your scales start taking on a dull iron-grey colour.
  8502 | D:5      | Reached XP level 7. HP: 52/52 MP: 1/12
  9226 | D:5      | Noticed Edmund
  9242 | D:5      | Killed Edmund
  9243 | D:5      | Reached skill level 7 in Poison Magic
  9648 | D:5      | Found a stormy altar of Qazlal.
  9700 | D:5      | Found a glowing golden altar of the Shining One.
 10574 | D:6      | Found a snail-covered altar of Cheibriados.
 10719 | D:6      | Reached XP level 8. HP: 33/63 MP: 2/14
 11378 | D:6      | Learned a level 2 spell: Blink
 11379 | D:6      | Found a shimmering blue altar of Sif Muna.
 11655 | D:6      | Found a bloodstained altar of Trog.
 11669 | D:6      | Reached skill level 8 in Poison Magic
 12136 | D:6      | Found an iron altar of Okawaru.
 12169 | D:6      | Reached skill level 5 in Spellcasting
 12792 | D:6      | Reached skill level 9 in Poison Magic
 13426 | D:6      | Learned a level 4 spell: Summon Ice Beast
 13429 | D:6      | Learned a level 2 spell: Call Imp
 13729 | D:7      | Noticed a gargoyle
 14142 | D:7      | Reached skill level 1 in Summonings
 14142 | D:7      | Reached XP level 9. HP: 69/69 MP: 7/18
 16926 | D:7      | Reached skill level 10 in Poison Magic
 17081 | D:7      | Reached ** piety under Lugonu
 17414 | D:7      | Noticed a nameless horror
 17428 | D:7      | Killed a nameless horror
 19163 | D:8      | Noticed a seven-headed hydra
 19432 | D:8      | Reached XP level 10. HP: 49/76 MP: 12/20
 19729 | D:8      | Identified the +5 hand axe of Eruocov {flame, rPois MP+9
                  | Str+3 Dex-5 Stlth+}
 19731 | D:8      | Noticed Grum
 19744 | D:8      | Killed Grum
 20446 | D:8      | HP: 1/77 [seven-headed hydra (6)]
 20446 | D:8      | Mangled by a seven-headed hydra

Illustrated notes

Levels and vault maps discovered:
D:1:      dpeg_arrival_renting, layout_loops_corners, minmay_misc_feat_square,
          st_stairs_3, minmay_rat_gold_closets
D:2:      layout_basic, ebering_ecumenical_altar_sacrificial,
          minmay_misc_feat_x, corexii_leaking_fountain
D:3:      minmay_angry_zag, layout_loops_corners, lemuel_crystal_altar,
          mainiacjoe_overflow_paths, portal_sewer_entry_b
D:4:      layout_layer_cave, minmay_temple_entry_nine_rooms,
          chequers_decorated_corner
D:5:      layout_cave_pods, nicolae_qazlal_eye_of_the_storm,
          nicolae_tso_carved_into_rock, kennysheep_generic_room_8, uniq_edmund
D:6:      layout_cave_pools, nzn_overflow_gifts_of_might_and_magic,
          mainiacjoe_overflow_24_doors, lemuel_doored_altar,
          hangedman_abyss_or_decor_stabs
D:7:      cheibrodos_helix_gallery, layout_layer_cave
D:8:      layout_cave_pools, serial_park, serial_park_tiny_2,
          serial_park_square2, serial_park_square3
          [serial_park_minivault_5x5_5], serial_park_fountain, uniq_grum
Temple:   corrupted_temple

Skill      XL: |  1  2  3  4  5  6  7  8  9 10 |
---------------+-------------------------------+-----
Poison Magic   | 4 5 6 7 9 10 | 10.9
Spellcasting   | 3 4 6 7 |  7.1
Necromancy     | 1 |  1.1
Dodging        | 2 3 4 |  4.8
Fighting       | 1 3 |  3.0
Summonings     | 1 4 |  4.5
Stealth        | |  1.7
Transmutations | |  1.0

Action                   |  1- 3 |  4- 6 |  7- 9 | 10-12 || total
-------------------------+-------+-------+-------+-------++-------
Melee: Short sword       |    37 |    11 |       |       ||    48
       Tailslap          |     4 |     3 |    19 |     2 ||    28
       Whip              |       |     5 |    21 |       ||    26
       Flail             |       |       |   127 |    17 ||   144
       Punch             |       |       |     2 |       ||     2
 Cast: Sting             |    75 |    60 |   153 |    16 ||   304
       Poisonous Vapours |    19 |    21 |    66 |     8 ||   114
       Olgreb's Toxic Ra |       |     4 |    27 |     4 ||    35
       Mephitic Cloud    |       |     2 |     8 |     1 ||    11
       Call Imp          |       |       |     7 |     1 ||     8
       Summon Ice Beast  |       |       |     1 |     2 ||     3
Invok: Bend Space        |       |       |     1 |     1 ||     2
  Use: Scroll            |     4 |     4 |     9 |     2 ||    19
       Potion            |       |       |     5 |       ||     5
 Stab: Distracted        |       |       |     1 |       ||     1
Armor: Skin              |     9 |    62 |   156 |    23 ||   250
Dodge: Dodged            |    25 |   117 |   167 |    22 ||   331
Block: Other             |     9 |    54 |    57 |     8 ||   128
       Reflection        |       |       |     3 |       ||     3

Table legend: (Time is in decaauts)
 A = Elapsed time spent in this place.
 B = Non-inter-level travel time spent in this place.
 C = Inter-level travel time spent in this place.
 D = Time resting spent in this place.
 E = Time spent auto-exploring this place.
 F = Levels seen in this place.
 G = Mean time per level.
                   A        B        C        D        E       F      G
               +--------+--------+--------+--------+--------+-----+--------+
         Total |  20500 |  19884 |    616 |  12354 |   2801 |   9 | 2277.8 |
       Dungeon |  20438 |  19822 |    616 |  12354 |   2783 |   8 | 2554.8 |
        Temple |     62 |     62 |      0 |      0 |     18 |   1 |   62.0 |
               +--------+--------+--------+--------+--------+-----+--------+

Top non-repeatable levels by time:
     D:7: 4502 daAuts
     D:6: 4482 daAuts
     D:5: 2705 daAuts
     D:1: 2355 daAuts
     D:3: 2229 daAuts
     D:4: 2194 daAuts
     D:2: 1404 daAuts
     D:8: 563 daAuts
  Temple: 62 daAuts
